AoeStats
← Chaves

Black Forest

509615821Analyzed
3v3 RM · 6d ago on Sep 27, 2026· 67m 48s· 6 players
Game mode
Random Map
Map size
Normal (6 player)
Population
200
Speed
Normal
Resources
Standard
Victory
Conquest
Starting age
Dark Age
Ending age
Imperial Age
RankedLock teamsTeams togetherTeam positionsShared explorationLock speedFull tech treeHidden civsTurbo modeCheats
Victory
Defeat
🇨🇳 Saxons · China
1235
+13
🇦🇺 Spanish · Australia
1231
+13
🇦🇺 Gurjaras · Australia
1193
+15
🇹🇷 Sicilians · Türkiye
1200
-15
🇨🇭 Maya · Switzerland
1158
-13
🇧🇷 Portuguese · Brazil
1157
-13
Chaves
1:55 Loom
13:39 Feudal Age
14:17 Double-Bit Axe
14:26 Horse Collar
16:29 Town Watch
17:00 Stone Mining
19:12 Castle Age
22:05 Wheelbarrow
26:19 Fletching
26:31 Padded Archer Armor
27:18 Bodkin Arrow
29:10 Hand Cart
30:15 Leather Archer Armor
31:11 Bow Saw
35:41 Imperial Age
33:34 Scale Mail Armor
34:23 Man-at-Arms
37:37 Chemistry
36:07 Pikeman
38:36 Ballistics
39:04 Halberdier
41:59 Forging
43:31 Caravan
43:40 Guard Tower
45:20 Ring Archer Armor
46:19 Chain Mail Armor
48:21 Elite Skirmisher
51:28 Arson
55:31 Heavy Plow
56:10 Keep
Mumei
0:33 Loom
11:36 Feudal Age
12:47 Double-Bit Axe
17:45 Castle Age
16:31 Wheelbarrow
16:01 Scale Mail Armor
18:35 Horse Collar
20:01 Gambesons
22:04 Bow Saw
25:24 Chain Mail Armor
25:02 Fletching
25:38 Heavy Plow
28:54 Forging
28:40 Bodkin Arrow
31:46 Imperial Age
29:04 Loom
29:06 Town Watch
31:08 Iron Casting
31:45 Stone Mining
32:21 Hand Cart
31:54 Capped Ram
32:32 Gold Mining
33:18 Stone Shaft Mining
33:44 Elite Serjeant
34:52 Siege Engineers
35:28 Plate Mail Armor
38:03 Pikeman
40:15 Halberdier
41:25 Masonry
41:03 Arrowslits
41:15 Murder Holes
42:21 Chemistry
43:23 Blast Furnace
42:54 Squires
42:40 Arson
47:28 Conscription
47:19 Hauberk
46:42 Cavalier
47:34 Bloodlines
47:25 Husbandry
49:17 Scale Barding Armor
50:10 Chain Barding Armor
55:46 Plate Barding Armor
56:02 Hoardings
55:59 Light Cavalry
ptr0000
0:29 Loom
0:40 Loom
11:50 Feudal Age
15:44 Castle Age
15:53 Double-Bit Axe
18:46 Fletching
22:34 Bow Saw
23:58 Horse Collar
26:59 Gold Mining
27:34 Heavy Plow
29:33 Wheelbarrow
32:08 Imperial Age
30:44 Bodkin Arrow
31:00 Town Watch
31:18 Padded Archer Armor
32:56 Ballistics
32:33 Crossbowman
32:46 Onager
33:51 Hand Cart
34:56 Two-Man Saw
33:54 Arbalester
35:48 Chemistry
35:19 Conscription
35:09 Thumb Ring
41:04 Holcans
44:50 Masonry
47:17 Caravan
47:50 Bracer
48:05 Leather Archer Armor
47:19 Elite Skirmisher
51:33 Hul'che Javelineers
57:45 Ring Archer Armor
58:07 Architecture
tapaswithtitus
10:15 Feudal Age
14:59 Castle Age
13:04 Double-Bit Axe
13:33 Horse Collar
16:52 Bow Saw
18:19 Loom
23:20 Wheelbarrow
22:34 Town Watch
23:01 Heavy Plow
25:02 Gold Mining
25:05 Stone Mining
25:33 Scale Mail Armor
25:43 Forging
27:03 Gold Shaft Mining
27:08 Hand Cart
30:42 Imperial Age
29:29 Chain Mail Armor
29:50 Iron Casting
29:03 Treadmill Crane
29:47 Squires
29:43 Gambesons
30:40 Fletching
30:38 Arson
30:16 Pikeman
31:42 Elite Varangian Guard
31:43 Halberdier
33:02 Plate Mail Armor
35:15 Shield Wall
36:34 Coinage
36:45 Man-at-Arms
37:55 Conscription
37:45 Long Swordsman
39:23 Hoardings
39:16 Two-Handed Swordsman
39:19 Elite Hearth Troop
40:08 Bodkin Arrow
39:56 Champion
46:18 Town Patrol
47:28 Guilds
47:49 Banking
47:19 Caravan
51:52 Onager
51:52 Capped Ram
54:17 Clerical Recruitment
56:14 Siege Ram
61:15 Bracer
64:20 Ballistics
64:08 Siege Engineers
65:15 Chemistry
67:12 Masonry
Bananananna8
0:38 Loom
11:41 Feudal Age
13:07 Town Watch
16:05 Castle Age
14:27 Double-Bit Axe
15:51 Horse Collar
17:04 Fletching
17:50 Bow Saw
26:48 Wheelbarrow
28:46 Heavy Plow
32:12 Imperial Age
29:55 Gold Mining
30:55 Padded Archer Armor
31:17 Bodkin Arrow
32:42 Leather Archer Armor
33:18 Scale Barding Armor
33:24 Forging
33:15 Husbandry
33:26 Bloodlines
32:38 Elite Skirmisher
34:14 Hand Cart
33:20 Capped Ram
35:14 Chain Barding Armor
34:50 Cavalier
37:18 Plate Barding Armor
37:19 Iron Casting
37:56 Ring Archer Armor
37:26 Bracer
39:43 Paladin
42:26 Fortified Wall
42:26 Thumb Ring
43:02 Hoardings
42:28 Stone Mining
45:01 Bracer
46:02 Blast Furnace
46:05 Chemistry
46:31 Ballistics
48:45 Murder Holes
49:00 Masonry
48:14 Light Cavalry
49:00 Caravan
50:02 Stone Shaft Mining
54:16 Onager
56:58 Architecture
59:36 Bombard Tower
60:23 Hussar
65:02 Scale Mail Armor
64:53 Pikeman
65:33 Squires
65:19 Gambesons
65:20 Arson
Stophles
0:55 Loom
12:27 Feudal Age
16:48 Castle Age
15:51 Double-Bit Axe
16:53 Horse Collar
22:09 Fletching
25:54 Treadmill Crane
26:39 Ballistics
28:54 Bow Saw
29:52 Bodkin Arrow
32:37 Wheelbarrow
35:38 Imperial Age
33:43 Kshatriyas
34:11 Padded Archer Armor
35:23 Leather Archer Armor
38:46 Thumb Ring
39:28 Bracer
39:30 Elite Elephant Archer
41:48 Hand Cart
46:28 Chemistry
51:31 Caravan
65:02 Siege Elephant
Connection lost

Rejoining the realm…

Still unreachable

The connection could not be restored.

Session expired

The server has moved on; the page needs a fresh start.